 Dungeon Crawl Stone Soup version 0.23.0-3-gf3c87f2 (webtiles) character file.

Game seed: 16995472488168546872

12 Borgoz the Sneak (level 2, 0/20 HPs)
             Began as a Ghoul Enchanter on Feb 24, 2019.
             Killed from afar by a dart slug (7 damage)
             ... with a slug dart
             ... on level 1 of the Dungeon.
             The game lasted 00:01:14 (285 turns).

Borgoz the Sneak (Ghoul Enchanter)                   Turns: 285, Time: 00:01:15

Health: 0/20       AC:  3    Str: 11    XL:     2   Next: 33%
Magic:  0/3        EV: 11    Int: 10    God:
Gold:   0          SH:  0    Dex:  9    Spells: 3/4 levels left

rFire    . . .     SeeInvis .   a - +1 dagger
rCold    + . .     Gourm    .   (no shield)
rNeg     + + +     Faith    .   e - +0 leather armour
rPois    ∞         Spirit   .   (no helmet)
rElec    .         Reflect  .   (no cloak)
rCorr    .         Harm     .   (no gloves)
MR       .....                  (no boots)
Stlth    ++........             (no amulet)
HPRegen  0.00/turn              (no ring)
MPRegen  0.08/turn              (no ring)

@: very slightly contaminated, rotting
A: rotting body, claws 1, carnivore, cold resistance 1, negative energy
resistance 3, inhibited regeneration, torment resistance, unbreathing
a: no special abilities


You were on level 1 of the Dungeon.
You were not hungry.

You visited 1 branch of the dungeon, and saw 2 of its levels.

Inventory:

Hand Weapons
 a - a +1 dagger (weapon)
Armour
 e - a +0 leather armour (worn)
Jewellery
 b - an uncursed amulet of harm {unknown}
Scrolls
 f - a scroll of identify {unknown}
Comestibles
 d - a ration


   Skills:
 * Level 1.1 Short Blades
 * Level 1.8 Dodging
 + Level 3.5 Stealth
 + Level 1.9 Spellcasting
 + Level 2.6 Hexes


You had 3 spell levels left.
You knew the following spells:

 Your Spells              Type           Power        Failure   Level  Hunger
a - Corona                Hex            #......      14%         1    ##.....

Your spell library contained the following spells:

 Spells                   Type           Power        Failure   Level  Hunger
 Ensorcelled Hibernation  Hex/Ice        #.....       36%         2    ###....
 Confuse                  Hex            #.......     38%         3    ####...
 Tukima's Dance           Hex            #.......     38%         3    ####...
 Dazzling Spray           Conj/Hex       #.....       58%         3    ####...


Dungeon Overview and Level Annotations

Branches:
Dungeon (2/15)

Altars:


Innate Abilities, Weirdness & Mutations

Your body is rotting away.
You thrive on raw meat.
You are immune to poison.
You have sharp fingernails.
You are carnivorous and can eat meat at any time.
Your flesh is cold resistant. (rC+)
You are immune to negative energy. (rN+++)
You do not regenerate when monsters are visible.
You are immune to unholy pain and torment.
You can survive without breathing.


Message History

Confirm with . or Enter, or press ? or * to list all spells.
Aiming: Corona (safe; 14% risk of failure)
Press: ? - help, Shift-Dir - straight line, f - goblin
Aim: a goblin, wielding a +0 dagger (heavily wounded, chance to defeat MR: 58%)
You miscast Corona.
Nothing appears to happen.
The goblin completely misses you.
You hit the goblin.
The goblin is severely wounded.
The goblin hits you but does no damage.
You hit the goblin.
You kill the goblin!
You closely miss the goblin. The goblin hits you but does no damage.
You barely miss the goblin. The goblin barely misses you.
You barely miss the goblin. The goblin barely misses you.
You miss the goblin. The goblin hits you but does no damage.
You hit the goblin.
You kill the goblin!
The dart slug launches a dart at you. The slug dart hits you!
You die...

#.# #.# #.# #.# #.#
#######.##########
................>#
#@########.# #)#
#.#
########w########.#
..................#
.....w...##########
.........#
.........#
.........#
.........#


You could see a dart slug.

Vanquished Creatures
  A leopard gecko (D:1)
  A bat (D:2)
  2 goblins (D:1)
  2 hobgoblins
  2 frilled lizards (D:2)
  3 rats
11 creatures vanquished.

Notes
Turn   | Place    | Note
-------+----------+-------------------------------------------
     0 | D:1      | Borgoz the Ghoul Enchanter began the quest for the Orb.
     0 | D:1      | Reached XP level 1. HP: 14/14 MP: 2/2
    13 | D:1      | You fall through a shaft!
    52 | D:2      | Reached skill level 1 in Short Blades
   268 | D:1      | Reached XP level 2. HP: 9/20 MP: 1/3
   285 | D:1      | Killed from afar by a dart slug

Skill      XL: |  1 |
---------------+----+-----
Short Blades   | 1 |  1.1
Dodging        | |  1.8
Stealth        | |  3.5
Spellcasting   | |  1.9
Hexes          | |  2.6

Action                   || total
-------------------------++-------
Melee: Dagger            ||    37
 Cast: Corona            ||     3
Armor: Leather armour    ||     7
       Robe              ||     2
Dodge: Dodged            ||    25
